 Dungeon Crawl Stone Soup version 0.31-a0-240-gb923e448b6 (webtiles) character file.

Game seed: 10187981651983235835

113 Nattfarinn the Grave Robber (level 4, -3/24 HPs)
             Began as a Vampire Necromancer on July 12, 2023.
             Killed from afar by Ijyb (10 damage)
             ... with a bolt of acid
             ... on level 3 of the Dungeon.
             The game lasted 00:06:26 (2788 turns).

Nattfarinn the Grave Robber (Vampire Necromancer)   Turns: 2788, Time: 00:06:26

Health: -3/24      AC:  2    Str:  7    XL:     4   Next: 65%
Magic:  2/8        EV: 12    Int: 19    God:
Gold:   142        SH:  5    Dex: 14    Spells: 5/9 levels left

rFire   . . .        d - +1 hand axe (flame)
rCold   . . .        (no shield)
rNeg    . . .        a - +0 robe
rPois   .            (helmet currently unavailable)
rElec   .            (cloak currently unavailable)
rCorr   .            (gloves currently unavailable)
SInv    +            (boots currently unavailable)
Will    .....        k - amulet of reflection
Stlth   ++           (no ring)
HPRegen 0.44/turn    (no ring)
MPRegen 0.11/turn

%: reflection
@: beast-form, healing quickly
A: beast (slay +0), alive, fangs 3, see invisible, vampiric 2, [frail 2]
a: Exsanguinate


You were on level 3 of the Dungeon.
You were a hulking beast.
You visited 1 branch of the dungeon, and saw 3 of its levels.

You collected 142 gold pieces.

Inventory:

Hand Weapons
 d - a +1 hand axe of flaming (weapon)
Armour
 a - a +0 robe (worn)
Jewellery
 k - an amulet of reflection (around neck)
Talismans
 h - a beast talisman
Scrolls
 c - 2 scrolls of amnesia {unknown}
 e - 2 scrolls of revelation {unknown}
 f - 3 scrolls of identify {unknown}
 j - a scroll of torment {unknown}
 m - a scroll of teleportation {unknown}
 o - a scroll of enchant armour {unknown}
Potions
 b - a potion of magic
 g - 2 potions of lignification {unknown}
 i - a potion of attraction {unknown}
 l - 2 potions of cancellation {unknown}
 n - a potion of resistance {unknown}


   Skills:
 - Level 2.1 Dodging
 - Level 3.0 Stealth
 * Level 3.2 Spellcasting
 + Level 5.9 Necromancy


You had 5 spell levels left.
You knew the following spells:

 Your Spells              Type           Power      Damage    Failure   Level
a - Necrotise             Necr           100%       1d9       1%          1
b - Vampiric Draining     Necr           25%        2d7       4%          3

Your spell library contained the following spells:

 Spells                   Type           Power      Damage    Failure   Level
 Animate Dead             Necr           25%        N/A       13%         4
 Magic Dart               Conj           12%        1d3       16%         1
 Searing Ray              Conj           6%         2d4       22%         2
 Agony                    Necr           25%        N/A       36%         5
 Tukima's Dance           Hex            3%         N/A       41%         3
 Fulminant Prism          Conj/Hex       1%         3d5       83%         4
 Passage of Golubria      Tloc           3%         N/A       83%         4
 Yara's Violent Unravell  Hex/Tmut       1%         3d3       99%         5
 Haunt                    Necr/Summ      7%         N/A       100%        7
 Infestation              Necr           12%        N/A       100%        8


Dungeon Overview and Level Annotations

Branches:
Dungeon (3/15)

Altars:
Ashenzari

Annotations:
D:3 3 runed translucent doors, Beaer's ghost, amateur HOMo; Ijyb; Scrael's ghost, amateur DsIE


Innate Abilities, Weirdness & Mutations

You are a hulking beast.
Your limbs bulge with bestial killing power. (Slay +0)
Your natural rate of healing is accelerated.
You have razor-sharp teeth.
You have supernaturally acute eyesight. (SInv)
You are afflicted with vampirism and can become a bat while bloodless.
[You are very frail. (-20% HP)]


Message History

You now have 142 gold pieces (gained 11).
There is a stone staircase leading down here.
There is a stone staircase leading down here.
A rat comes into view.
The helpless rat fails to defend itself.
You hit the rat. You burn the rat.
You kill the rat!
No target in view!
There is a stone staircase leading down here.
Ijyb the Twisted Goblin comes into view.
She is wielding a +0 club, wearing a +4 scale mail of cold resistance and carrying a wand of acid (13).
Ijyb is nearby!
The helpless Ijyb fails to defend herself.
You hit Ijyb but do no damage. Your punch misses Ijyb.
Ijyb hits you with a +0 club.
The spell is quite dangerous to miscast (4% risk of failure)!
Continue anyway?
You draw life force from Ijyb!
You feel life coursing into your body.
Ijyb grins evilly.
You block Ijyb's attack.
Casting: Vampiric Draining (quite dangerous; 4% risk of failure)
Confirm with . or Enter, or press ? or * to list all spells.
The spell is quite dangerous to miscast (4% risk of failure)!
Continue anyway?
Aiming: Vampiric Draining (quite dangerous; 4% risk of failure)
Press: ? - help, Shift-Dir - straight line, f/p - Ijyb
Aim: Ijyb, wielding a +0 club, wearing a +4 scale mail of cold resistance and carrying a wand of acid (13) (heavily wounded)
You draw life force from Ijyb!
Ijyb screams, "Get away!"
Ijyb hits you with a +0 club.
Casting: Vampiric Draining (quite dangerous; 4% risk of failure)
Confirm with . or Enter, or press ? or * to list all spells.
You don't have enough magic to cast this spell.
Ijyb zaps a wand.
The bolt of acid hits you!
Ouch! That really hurt!
* * * LOW HITPOINT WARNING * * *
Unknown command.
Unknown command.
Unknown command.
Okay, then.
Okay, then.
Ijyb zaps a wand.
The bolt of acid hits you!
You die...

..#....## ##...#............#
#...##..###..#.#####.....####
#####..#.#...#.# #.....# #
#....>....#.# ###.### #
##.########.# ### # #.# #.##
####.#### #..# #.......#
####.#### #.......# #....hg.#
#.......# #.##.##.# #.......#
# #.# # #.......# ..#
#.......# #.## #.......# #.
######### .. #. ####


You could see Ijyb.

Vanquished Creatures
  Terence (D:2)
  2 adders (D:2)
  2 dart slugs
  5 orcs
  5 ball pythons
  4 bats (D:1)
  6 endoplasms
  A giant cockroach (D:2)
  7 goblins
  2 hobgoblins
  3 kobolds
  4 quokkas
  5 frilled lizards
  9 rats
56 creatures vanquished.

Vanquished Creatures (collateral kills)
  An endoplasm (D:1)
  2 hobgoblins (D:1)
3 creatures vanquished.

Grand Total: 59 creatures vanquished

Notes
Turn   | Place    | Note
-------+----------+-------------------------------------------
     0 | D:1      | Nattfarinn the Vampire Necromancer began the quest for the
                  | Orb.
     0 | D:1      | Reached XP level 1. HP: 13/13 MP: 3/3
   169 | D:1      | Reached XP level 2. HP: 19/19 MP: 3/5
   424 | D:1      | Reached skill level 5 in Necromancy
   801 | D:1      | Gained mutation: You are afflicted with vampirism and can
                  | become a bat while bloodless. [Vampire growth]
   801 | D:1      | Reached XP level 3. HP: 19/19 MP: 2/6
  1044 | D:1      | Found a broken altar of Ashenzari.
  1074 | D:2      | Noticed Terence
  1080 | D:2      | Learned a level 3 spell: Vampiric Draining
  1288 | D:2      | Found a faded altar of an unknown god.
  1530 | D:2      | Killed Terence
  1531 | D:2      | Reached XP level 4. HP: 18/24 MP: 1/8
  2183 | D:3      | Found a runed translucent gate.
  2184 | D:3      | Found a runed translucent gate.
  2184 | D:3      | Found a runed translucent gate.
  2214 | D:3      | Noticed Beaer's ghost (amateur HOMo)
  2214 | D:3      | Noticed Scrael's ghost (amateur DsIE)
  2781 | D:3      | Noticed Ijyb
  2788 | D:3      | Killed from afar by Ijyb

Illustrated notes

Levels and vault maps discovered:
D:1:      dpeg_arrival_water_altar, layout_loops_cross
D:2:      layout_basic, ebering_ecumenical_altar_mist, minmay_bisected,
          uniq_terence
D:3:      layout_loops_cross, gammafunk_ghost_cemetery,
          amcnicky_mini_corridor_feature, minmay_misc_feat_hallway, uniq_ijyb

Skill      XL: |  1  2  3  4 |
---------------+-------------+-----
Necromancy     | 5 |  5.9
Spellcasting   | 3 |  3.2
Dodging        | |  2.1
Stealth        | |  3.0

Action                     |  1- 3 |  4- 6 || total
---------------------------+-------+-------++-------
  Melee: Unarmed           |    11 |       ||    11
         Bite              |     5 |     1 ||     6
         Hand axe          |    27 |    36 ||    63
   Cast: Necrotise         |    35 |       ||    35
         Vampiric Draining |     3 |     7 ||    10
Ability: Exsanguinate      |     2 |       ||     2
         Revivify          |     3 |       ||     3
   Stab: Sleeping          |     8 |     6 ||    14
         Distracted        |       |     1 ||     1
 Armour: Robe              |     3 |     2 ||     5
  Dodge: Dodged            |    25 |    18 ||    43
  Block: Other             |     2 |    10 ||    12
   Form: Beast             |     2 |       ||     2

Table legend: (Time is in decaauts)
 A = Elapsed time spent in this place.
 B = Non-inter-level travel time spent in this place.
 C = Inter-level travel time spent in this place.
 D = Time resting spent in this place.
 E = Time spent auto-exploring this place.
 F = Levels seen in this place.
 G = Mean time per level.
                   A        B        C        D        E       F      G
               +--------+--------+--------+--------+--------+-----+--------+
         Total |   2809 |   2741 |     68 |    130 |   2184 |   3 |  936.3 |
       Dungeon |   2809 |   2741 |     68 |    130 |   2184 |   3 |  936.3 |
               +--------+--------+--------+--------+--------+-----+--------+

Top non-repeatable levels by time:
     D:2: 1068 daAuts
     D:1: 1065 daAuts
     D:3: 676 daAuts
